Zazza, neutral female human Wizard --------------- |......f......| |......@......| |..a..a..._^...####### -----------.-+- # ### ## ## ### .... # ......... ---.------# ......... |........|# --------- |........|# | |........|# |....... -<...*....# ------- ---------- Zazza the Conjurer Experience level: 5 Strength: 10 Dexterity: 12 Constitution: 12 Intelligence: 18 Wisdom: 13 Charisma: 12 Health: 0(38) Energy: 19(48) Def: 2 Gold: 713 Moves: 2829 Dungeon seed: 2rSPp9-baNjXG_IU Game ID: Zazza_1576423036 Your Inventory: Coins $ - 713 gold pieces Weapons a - a blessed +1 quarterstaff h - a +0 scimitar l - a cursed -2 scimitar t - a +0 orcish dagger (weapon in hand) w - 11 +0 crossbow bolts X - 9 +0 darts Armor e - an uncursed +0 cloak of magic resistance (being worn) n - an uncursed +0 pair of levitation boots q - an uncursed +0 orcish helm y - an uncursed +0 orcish helm N - an uncursed +0 leather jacket (being worn) Z - an uncursed +0 orcish helm Comestibles r - an uncursed sprig of wolfsbane I - 3 uncursed tripe rations Scrolls i - an uncursed scroll of light j - a blessed scroll of light k - an uncursed scroll of identify S - a blessed scroll of remove curse U - an uncursed scroll of enchant armor Potions f - an uncursed potion of paralysis g - an uncursed potion of monster detection O - an uncursed potion of oil Q - a cursed potion of paralysis Rings c - an uncursed ring of teleportation d - an uncursed ring of polymorph control (on right hand) J - an uncursed ring of polymorph control V - an uncursed ring of shock resistance W - a cursed ring of teleportation (on left hand) Wands b - a wand of create monster (0:5) p - a wand of cold (0:7) L - a wand of light (0:14) Tools K - an uncursed leash T - a blessed wax candle (0:400) Gems z - 2 uncursed fluorite stones Y - 2 uncursed worthless pieces of black glass Spells and supernatural/magical abilities: Name Level Category Fail Memory a - force bolt 1 attack 0% 86% l - light 1 divination 0% 91% n - detect monsters 1 divination 0% 86% W - pray for help -- divine ? -- Your skills at the end: Fighting Skills Weapon Skills quarterstaff [Basic] Spellcasting Skills attack spells [Basic] enchantment spells [Basic] Final Attributes: You were piously aligned. You were magic-protected. You were telepathic. You could teleport. You had polymorph control. You were unlucky. You are dead. Vanquished creatures: a spotted jelly a fire ant 3 bugbears an imp 2 shriekers a gnomish wizard 5 giant ants a little dog 3 floating eyes a homunculus a centipede a giant bat 3 iguanas an acid blob a hobbit 3 manes a large kobold 4 hobgoblins 2 giant rats a yellow mold 2 gnomes 9 jackals 2 foxes a kobold 3 goblins 6 grid bugs a bat 3 kobold zombies 8 newts 72 creatures vanquished. Voluntary challenges: You had been an atheist until turn 2550. You used a wielded weapon 16 times, starting on turn 14. You read items or engraved 8 times, starting on turn 1009. You never genocided any monsters. You never polymorphed an object. You never changed form. You used no wishes. You never split a pudding. You wrote Elbereth's name 5 times, starting on turn 2306. You violated your moral code, losing 14 points of alignment, starting on turn 1227. Dungeon overview: The Dungeons of Doom: levels 1 to 7 Level 1 a long staircase Level 2 a fountain Level 3 a bookstore, a fountain a long staircase Level 4 some fountains Level 5 Level 6 Level 7 <- You were here an altar to Ptah History has recorded: On T:1 you entered the Dungeons of Doom to retrieve the Amulet of Yendor! On T:289 you reached level 2 of The Dungeons of Doom. On T:656 you advanced to experience level 2. On T:730 you reached level 3 of The Dungeons of Doom. On T:1317 you reached level 4 of The Dungeons of Doom. On T:1456 you advanced to experience level 3. On T:1665 you reached level 5 of The Dungeons of Doom. On T:1955 you advanced to experience level 4. On T:2097 you reached level 6 of The Dungeons of Doom. On T:2653 you advanced to experience level 5. On T:2738 you reached level 7 of The Dungeons of Doom. Score breakdown: Gold: 713 ( 9707 points) Experience: 5 levels (11141 points) Exploration: 7 levels ( 14.00%) (10497 points) Discoveries: 5 items ( 1.74%) ( 3952 points) Valuables value: (no points given unless you survive) Artifact value: 0 ( 0 points) Variety of kills: 29 monsters ( 7.61%) ( 8276 points) Turncount: 2829 turns ( -513 points) Survival: died (score multiplied by 80%) Total score: 34448 Latest messages: The fire ant turns to flee! The spell hits the fire ant! You kill the fire ant! There are a few objects here. s - a fire ant corpse. Y - a black gem. You write in the dust with your fingers. This fire ant corpse tastes terrible! You finish eating the fire ant corpse. The soldier ant turns to flee! Armand misses the soldier ant. The spell misses the soldier ant. The soldier ant bites! The soldier ant stings! You die... Final status: Goodbye Zazza the Wizard, killed by a soldier ant... You died in The Dungeons of Doom on dungeon level 7 with 34448 points, and 713 pieces of gold, after 2829 moves. You were level 5 with a maximum of 38 hit points when you died.